 Dungeon Crawl Stone Soup version 0.18.1-48-g4cf74bf (webtiles) character file.

139 TuxedoFelix the Skirmisher (level 5, -17/47 HPs)
             Began as a Minotaur Berserker on July 17, 2016.
             Was a Believer of Trog.
             Demolished by Crazy Yiuf
             ... wielding a +3 quarterstaff of chaos
              (24 damage)
             ... on level 3 of the Dungeon.
             The game lasted 00:14:07 (3588 turns).

TuxedoFelix the Skirmisher (Minotaur Berserker)     Turns: 3588, Time: 00:14:08

Health: -17/47     AC:  6    Str: 23    XL:     5   Next: 1%
Magic:  4/4        EV: 12    Int:  4    God:    Trog [**....]
Gold:   166        SH:  0    Dex:  9    Spells: 0 memorised, 4 levels left

rFire  . . .     SeeInvis .     a - +0 hand axe
rCold  . . .     Gourm    .     n - +0 ring mail
rNeg   . . .     Faith    .     (no shield)
rPois  .         Spirit   .     (helmet restricted)
rElec  .         Dismiss  .     (no cloak)
rCorr  .         Reflect  .     c - +0 pair of gloves
SustAt .         Harm     .     (no boots)
MR     .....                    (no amulet)
Stlth  ..........               (no ring)
                                (no ring)

@: not resistant to hostile enchantments, extremely unstealthy
A: retaliatory headbutt, horns 2
a: Berserk, Trog's Hand, Burn Spellbooks, Renounce Religion


You were on level 3 of the Dungeon.
You worshipped Trog.
Trog was pleased with you.
You were not hungry.

You visited 1 branch of the dungeon, and saw 3 of its levels.

You collected 166 gold pieces.

Inventory:

Hand Weapons
 a - a +0 hand axe (weapon)
Missiles
 e - 64 bolts
 q - 3 tomahawks (quivered)
 r - 8 needles of confusion
Armour
 c - a +0 pair of gloves (worn)
 n - a +0 ring mail (worn)
Wands
 l - a wand of slowing (34/48)
Scrolls
 d - 2 scrolls of fog {unknown}
 h - 3 scrolls of remove curse
 j - a scroll of noise {unknown}
 m - a scroll of random uselessness {unknown}
 o - a scroll of identify {unknown}
 p - a scroll of recharging {unknown}
 t - a scroll of enchant weapon {unknown}
Potions
 g - a potion of cancellation {unknown}
 i - a potion of brilliance {unknown}
 k - a potion of degeneration {unknown}
 s - a potion of curing {unknown}
Comestibles
 b - a royal jelly
 f - 2 meat rations


   Skills:
 + Level 4.8 Fighting
 + Level 4.5 Axes
 + Level 3.2 Armour
 + Level 3.7 Dodging
 + Level 0.3 Stealth


You had 4 spell levels left.
You didn't know any spells.

Dungeon Overview and Level Annotations

Branches:
Dungeon (3/15)

Altars:
Cheibriados

Annotations:
D:3 Crazy Yiuf


Innate Abilities, Weirdness & Mutations

You reflexively headbutt those who attack you in melee.
You have a pair of horns on your head.


Message History

Found a mace.
Crazy Yiuf the Enlightened comes into view.
He is wielding a quarterstaff of chaos.
Crazy Yiuf shouts!
Crazy Yiuf moves out of view.
Crazy Yiuf drinks a potion.
Crazy Yiuf seems to grow stronger.
Crazy Yiuf cries, "You leg down broken song, no?"
Crazy Yiuf hits you with a quarterstaff of chaos!!
You slash Crazy Yiuf!
Crazy Yiuf is heavily wounded.
Crazy Yiuf hits you with a quarterstaff of chaos!
* * * LOW HITPOINT WARNING * * *
Crazy Yiuf burns you.
* * * LOW HITPOINT WARNING * * *
As you read the scroll labeled DEKHUU OG QOOT, it crumbles to dust.
You feel blessed for a moment.
It was a scroll of remove curse.
Crazy Yiuf barely misses you.
You start resting.
Crazy Yiuf hits you with a quarterstaff of chaos!!
Ouch! That really hurt!
You die...

...........#.# ##.##.......#.
########..##.# #..####...#### #
#.(...# #.## #...# # # #.....#
#.# #..## # # #.#...# #.# #..# #
### #.....# #.# #..# #
..#########.########.# #..#####
#...........###...##.# #<>.....
#.############..@....######.##.##
#.# ##.g#######.....##.# #.#
#....# #.######.# #†# #.PPP# #.#
#.# #.# #.#P## #.# #.## #.# ##.##
#.######... #.# #.## #......###.
#.# ##.# ########.###. #.# #g##
#..# #.....


You could see Crazy Yiuf.

Vanquished Creatures
  7 adders
  2 worms (D:2)
  2 dart slugs
  3 giant geckos
  4 orcs (D:3)
  A giant cockroach (D:1)
  6 goblins
  7 hobgoblins
  2 jackals (D:1)
  3 quokkas
  4 bats
  3 giant newts
  10 kobolds
  8 rats
  A fungus (D:3)
63 creatures vanquished.

Notes
Turn   | Place    | Note
--------------------------------------------------------------
     0 | D:1      | TuxedoFelix the Minotaur Berserker began the quest for the Orb.
     0 | D:1      | Reached XP level 1. HP: 19/19 MP: 0/0
   701 | D:1      | Reached XP level 2. HP: 27/27 MP: 1/1
  1470 | D:2      | Reached XP level 3. HP: 31/34 MP: 2/2
  1539 | D:2      | Reached ** piety under Trog
  1816 | D:2      | Found a snail-covered altar of Cheibriados.
  2517 | D:3      | Reached XP level 4. HP: 35/41 MP: 3/3
  3524 | D:3      | Reached XP level 5. HP: 47/47 MP: 4/4
  3571 | D:3      | Noticed Crazy Yiuf
  3588 | D:3      | Demolished by Crazy Yiuf

Skill      XL: |  1  2  3  4 |
---------------+-------------+-----
Fighting       | 4 |  4.8
Axes           | 4 |  4.5
Dodging        | 3 |  3.7
Armour         | 3 |  3.2
Stealth        | |  0.3

Action                   |  1- 3 |  4- 6 || total
-------------------------+-------+-------++-------
Melee: Hand axe          |    80 |    64 ||   144
       Headbutt          |    12 |    10 ||    22
  Use: Scroll            |       |     1 ||     1
 Stab: Sleeping          |     1 |       ||     1
  Eat: Bread ration      |     1 |       ||     1
       Meat ration       |       |     1 ||     1
       Beef jerky        |       |     1 ||     1
Armor: Animal skin       |    15 |       ||    15
       Ring mail         |     7 |    19 ||    26
Dodge: Dodged            |    54 |    31 ||    85
